 Dungeon Crawl Stone Soup version 0.19-a0-1697-g0595f0e (webtiles) character file.

13906 Azru the Basher (level 11, -8/83 HPs)
             Began as a Mummy Fighter on Sept 27, 2016.
             Was a High Priest of Okawaru.
             Splashed by a brown ugly thing's acid (10 damage)
             ... on level 11 of the Dungeon.
             The game lasted 00:49:41 (18709 turns).

Azru the Basher (Mummy Fighter)                    Turns: 18709, Time: 00:49:42

Health: -8/83      AC: 12    Str: 19    XL:     11   Next: 81%
Magic:  15/16      EV: 14    Int: 10    God:    Okawaru [*****.]
Gold:   528        SH: 11    Dex: 13    Spells: 0 memorised, 10 levels left

rFire  . . .     SeeInvis .     E - +0 morningstar
rCold  . . .     Gourm    .     b - +0 scale mail
rNeg   + + +     Faith    .     c - +0 shield
rPois  ∞         Spirit   .     A - +1 helmet
rElec  .         Dismiss  .     k - +0 cloak
rCorr  .         Reflect  .     (no gloves)
MR     +....     Harm     .     g - +1 pair of boots
Stlth  +.........               p - amulet of magic regeneration
                                C - ring of fire
                                i - +3 ring of evasion

@: heroism, corroded
A: no food or potions, fire vulnerability, cold resistance 1, negative energy
resistance 3, torment resistance, unbreathing
a: Heroism, Finesse, Renounce Religion


You were on level 11 of the Dungeon.
You worshipped Okawaru.
Okawaru was extremely pleased with you.
You were not hungry.

You visited 2 branches of the dungeon, and saw 13 of its levels.

You collected 528 gold pieces.

Inventory:

Hand Weapons
 a - a +1 flail
 E - a +0 morningstar (weapon)
Armour
 b - a +0 scale mail (worn)
 c - a +0 shield (worn)
 g - a +1 pair of boots (worn)
 k - a +0 cloak (worn)
 y - a +0 plate armour
 A - a +1 helmet (worn)
 D - a troll hide
Jewellery
 i - a +3 ring of evasion (left hand)
 p - an amulet of magic regeneration (around neck)
 s - an uncursed ring of magical power
 C - a ring of fire (right hand)
Wands
 n - a wand of lightning (3/15)
 q - a wand of teleportation (0/9)
 r - a wand of slowing (7/48)
 u - a wand of polymorph (9/24)
 w - a wand of enslavement (5/24)
Scrolls
 d - 2 scrolls of magic mapping
 e - 3 scrolls of fog
 f - a scroll of summoning
 h - a scroll of enchant armour
 j - 5 scrolls of identify
 l - 4 scrolls of teleportation
 m - 2 scrolls of remove curse
 o - 3 scrolls of enchant weapon
 t - a scroll of acquirement
 v - a scroll of vulnerability {unknown}
 x - a scroll of holy word {unknown}
 B - a scroll of noise {unknown}
 F - 2 scrolls of amnesia
Books
 z - a book of Enchantments

   Spells                             Type                      Level
   a - Cause Fear                     Hexes                        4
   b - Yara's Violent Unravelling     Hexes/Transmutation          5
   c - Silence                        Hexes/Air                    5
   d - Deflect Missiles               Charms/Air                   6
   e - Haste                          Charms                       6
   f - Discord                        Hexes                        8


   Skills:
 + Level 6.6(11.6) Fighting
 * Level 11.8(16.8) Maces & Flails
 + Level 7.2(12.2) Armour
 - Level 2.4(7.4) Shields
 + Level 7.7 Invocations


You had 10 spell levels left.
You didn't know any spells.

Dungeon Overview and Level Annotations

Branches:
Dungeon (12/15)            Temple (1/1) D:4            Lair (0/6) D:10
    Orc (0/2) D:11

Altars:
Ashenzari
Cheibriados
Dithmenos
Fedhas
Gozag
Hepliaklqana
Kikubaaqudgha
Makhleb
Nemelex Xobeh
Okawaru
Qazlal
Sif Muna
Uskayaw
Vehumet
Yredelemnul
The Shining One


Innate Abilities, Weirdness & Mutations

You do not eat or drink.
Your flesh is vulnerable to fire.
You are immune to poison.
Your flesh is cold resistant. (rC+)
You are immune to negative energy. (rN+++)
You are immune to unholy pain and torment.
You can survive without breathing.


Message History

You hit the brown ugly thing.
The brown ugly thing is severely wounded.
The brown ugly thing stings you.
* * * LOW HITPOINT WARNING * * *
You are splashed with acid!
The acid burns!
* * * LOW HITPOINT WARNING * * *
You hit the brown ugly thing but do no damage.
The brown ugly thing is severely wounded.
You block the brown ugly thing's attack.
You hit the brown ugly thing.
The brown ugly thing is severely wounded.
You block the brown ugly thing's attack.
You closely miss the brown ugly thing.
The brown ugly thing is severely wounded.
You closely miss the brown ugly thing.
The brown ugly thing is severely wounded.
The brown ugly thing stings you!
* * * LOW HITPOINT WARNING * * *
You are splashed with acid!
The acid burns!
You die...

#.............#.........
#.............#.........
#.......#####.#.........
#.......#...'.#.........
#.......#...#.#...######
#.......'...#.#####.....
#.......#####...........
#..........(........####
#......@....[.......#...
#.....)u)...#######.#...
#.........(.# #[#...
#...........# #†#...
#........)..# #.#...
##.......)†.# #.#...
#..........# #(#.<.
#..........# #.#...
#..........# #.#...


You could see a brown ugly thing.

Vanquished Creatures
  Josephine (D:11)
  A hydra (D:11)
  3 hill giants
  Maurice (D:11)
  2 trolls (D:10)
  A meliai zombie (D:10)
  2 hippogriffs
  A spriggan (D:7)
  4 wraiths
  3 yaks
  A steam dragon (D:11)
  2 hungry ghosts
  3 wargs
  7 orc warriors
  5 ice beasts
  4 sky beasts
  2 black bears
  A necrophage (D:12)
  5 ogres
  A wasp (D:11)
  2 phantoms (D:6)
  7 centaurs
  3 big kobolds
  6 bullfrogs
  Blork the orc (D:6)
  5 scorpions
  15 killer bees
  A howler monkey (D:5)
  8 wights
  3 vampire bats (D:7)
  4 crimson imps
  A centaur zombie (D:10)
  4 jellies
  A quasit (D:8)
  5 hounds
  3 gnoll shamans
  6 orc priests
  5 centaur skeletons
  4 bullfrog skeletons
  Natasha (thrice) (D:2)
  9 orc wizards
  9 worker ants
  A killer bee zombie (D:7)
  2 worker ant zombies
  Robin (D:3)
  16 gnolls
  A howler monkey skeleton (D:6)
  2 howler monkey zombies
  12 adders
  4 shadow imps
  2 adder skeletons (D:9)
  2 adder zombies
  5 worms
  3 dart slugs
  8 leopard geckos
  43 orcs
  17 bats
  5 giant cockroaches
  17 hobgoblins
  2 jackals (D:6)
  8 quokkas
  A ball python (D:4)
  5 frilled lizards
  15 goblins
  A jackal skeleton (D:5)
  24 kobolds
  9 rats
361 creatures vanquished.

Vanquished Creatures (others)
  An orc (D:9)
1 creature vanquished.

Grand Total: 362 creatures vanquished

Notes
Turn   | Place    | Note
-------+----------+-------------------------------------------
     0 | D:1      | Azru the Mummy Fighter began the quest for the Orb.
     0 | D:1      | Reached XP level 1. HP: 18/18 MP: 1/1
   202 | D:1      | Reached skill level 2 in Maces & Flails
   347 | D:1      | Reached XP level 2. HP: 22/24 MP: 2/2
   693 | D:1      | Reached XP level 3. HP: 26/29 MP: 3/3
   953 | D:2      | Reached skill level 3 in Maces & Flails
  1087 | D:2      | Reached XP level 4. HP: 32/35 MP: 4/4
  1497 | D:2      | Noticed Natasha
  1513 | D:2      | Killed Natasha
  1513 | D:2      | Reached skill level 4 in Maces & Flails
  1699 | D:2      | Found a glowing golden altar of the Shining One.
  1776 | D:2      | Noticed Natasha
  1786 | D:2      | Killed Natasha
  1786 | D:2      | Reached XP level 5. HP: 31/41 MP: 5/5
  1801 | D:2      | Noticed Natasha
  1817 | D:2      | Killed Natasha
  2422 | D:3      | Noticed Robin
  2444 | D:3      | Killed Robin
  2444 | D:3      | Reached skill level 5 in Maces & Flails
  2666 | D:3      | Found a sparkling altar of Nemelex Xobeh.
  3149 | D:4      | Reached XP level 6. HP: 33/47 MP: 6/6
  3324 | D:4      | Found a staircase to the Ecumenical Temple.
  3345 | Temple   | Entered the Ecumenical Temple
  3381 | Temple   | Became a worshipper of Warmaster Okawaru
  3579 | D:4      | Found a snail-covered altar of Cheibriados.
  3703 | D:4      | Reached skill level 6 in Maces & Flails
  4059 | D:4      | Reached XP level 7. HP: 52/52 MP: 7/7
  4206 | D:5      | Entered Level 5 of the Dungeon
  4902 | D:5      | Reached * piety under Okawaru
  4902 | D:5      | Reached skill level 7 in Maces & Flails
  5510 | D:5      | Reached skill level 1 in Invocations
  6133 | D:5      | Reached XP level 8. HP: 46/58 MP: 9/9
  6319 | D:6      | Reached ** piety under Okawaru
  6439 | D:6      | Found a shattered altar of Ashenzari.
  6453 | D:6      | Reached skill level 8 in Maces & Flails
  6978 | D:6      | Noticed Blork the orc
  7013 | D:6      | Killed Blork the orc
  7182 | D:6      | Found a hazy altar of Hepliaklqana.
  7550 | D:7      | Reached XP level 9. HP: 5/63 MP: 11/11
  7937 | D:7      | Reached skill level 9 in Maces & Flails
  8119 | D:7      | Reached *** piety under Okawaru
  8680 | D:8      | Found a basalt altar of Yredelemnul.
  8985 | D:8      | Reached skill level 5 in Armour
  9008 | D:8      | Reached skill level 5 in Invocations
  9677 | D:9      | Found an ancient bone altar of Kikubaaqudgha.
 10105 | D:8      | Reached **** piety under Okawaru
 10259 | D:9      | Reached XP level 10. HP: 50/70 MP: 14/14
 10431 | D:9      | Reached skill level 10 in Maces & Flails
 11781 | D:10     | Entered Level 10 of the Dungeon
 11948 | D:10     | Found a staircase to the Lair.
 12527 | D:10     | HP: 3/72 [orc warrior/scimitar (11)]
 13078 | D:11     | Found a staircase to the Orcish Mines.
 13078 | D:11     | Noticed an eight-headed hydra
 13085 | D:11     | Noticed a hill giant
 13142 | D:11     | Noticed a hill giant
 13729 | D:11     | Killed a hill giant
 14020 | D:10     | Reached skill level 5 in Fighting
 14916 | D:11     | Reached XP level 11. HP: 41/79 MP: 15/15
 14920 | D:11     | Reached skill level 11 in Maces & Flails
 15011 | D:10     | Noticed a hill giant
 15129 | D:10     | Killed a hill giant
 15129 | D:10     | Reached ***** piety under Okawaru
 15663 | D:11     | Identified a scroll of acquirement
 15716 | D:11     | Noticed Maurice
 16084 | D:11     | Killed a hill giant
 16952 | D:11     | HP: 4/81 [eight-headed hydra (13)]
 16953 | D:11     | Killed an eight-headed hydra
 17582 | D:11     | Killed Maurice
 18011 | D:12     | Noticed Josephine
 18035 | D:11     | Killed Josephine
 18577 | D:12     | Noticed a brown ugly thing
 18709 | D:11     | HP: 2/83 [brown ugly thing (11)]
 18709 | D:11     | Splashed by a brown ugly thing's acid

Vault maps used:
D:1:      eino_arrival_cavern_c, feat_on_display
D:2:      tso_metal_star, uniq_natasha
D:3:      nemelex_xobeh_ov_fountains_minmay, uniq_robin
D:4:      first_bread, cheibriados_altar_wand_db
D:6:      lemuel_coloured_pillars_altar, kennysheep_mini, uniq_blork_the_orc
D:7:      the_bakery, st_stairs_9, roderic_batcave, roderic_hopi_sauvastika
D:8:      basic_altar, lightli_orcish_oven
D:9:      lemuel_round_altar
D:10:     lair_0_dummy, moated_statue, item_on_display_a
D:11:     minmay_orc_entry_guard_dogs, uniq_maurice
D:12:     minmay_cornered_nines, library_closet, uniq_azrael, uniq_josephine
Temple:   compressed_dpeg_circular_temple

Skill      XL: |  1  2  3  4  5  6  7  8  9 10 11 |
---------------+----------------------------------+-----
Maces & Flails | 2 3 4 5 6 7 8 9 10 11 | 11.8
Invocations    | 1 3 5 6 7 |  7.7
Armour         | 4 5 6 7 |  7.2
Fighting       | 5 6 |  6.6
Shields        | |  2.4

Action                   |  1- 3 |  4- 6 |  7- 9 | 10-12 || total
-------------------------+-------+-------+-------+-------++-------
Melee: Flail             |   156 |   293 |   751 |   685 ||  1885
       Morningstar       |       |       |       |   164 ||   164
Invok: Heroism           |       |       |     2 |    11 ||    13
       Finesse           |       |       |       |     1 ||     1
Evoke: Wand              |       |       |     2 |     6 ||     8
  Use: Scroll            |       |     5 |     4 |     5 ||    14
Armor: Scale mail        |    78 |   115 |   320 |   378 ||   891
Dodge: Dodged            |    62 |   141 |   304 |   351 ||   858
Block: Shield            |    69 |   116 |   309 |   407 ||   901
